 Dungeon Crawl Stone Soup version 0.24.1-14-gf8d2b509d9 (webtiles) character file.

Game seed: 15142527203276521194, levelgen mode: deterministic

12541 KlarStein the Grappler (level 11, -40/102 HPs)
             Began as a Ghoul Monk on Aug 28, 2020.
             Was a Priest of Dithmenos.
             Annihilated by Rupert
             ... wielding a +2 triple sword of flaming
              (44 damage)
             ... while paralysed by Rupert
             ... on level 4 of the Lair of Beasts.
             The game lasted 01:01:19 (11961 turns).

KlarStein the Grappler (Ghoul Monk)                Turns: 11961, Time: 01:01:19

Health: -40/102    AC:  9    Str: 16    XL:     11   Next: 95%
Magic:  12/12      EV:  2    Int:  9    God:    Dithmenos [***...]
Gold:   852        SH:  0    Dex: 14    Spells: 10/10 levels left

rFire    + + .     SeeInvis .     - Unarmed
rCold    . . .     Gourm    .   (no shield)
rNeg     + + +     Faith    .   x - +3 leather armour {rF+}
rPois    ∞         Spirit   .   q - +0 helmet
rElec    .         Reflect  .   E - +1 cloak {MR+}
rCorr    .         Harm     .   (no gloves)
MR       +....                  (no boots)
Stlth    +++++.....             (no amulet)
HPRegen  0.00/turn              h - ring of fire
MPRegen  0.13/turn              i - +4 ring of intelligence

@: paralysed, rotting, wreathed by umbra
A: rotting body, claws 1, carnivore, cold resistance 1, negative energy
resistance 3, inhibited regeneration, torment resistance, unbreathing
a: Shadow Step, Renounce Religion


You were on level 4 of the Lair of Beasts.
You worshipped Dithmenos.
Dithmenos was most pleased with you.
You were not hungry.

You visited 3 branches of the dungeon, and saw 14 of its levels.
You also visited: Sewer.

You collected 852 gold pieces.

Inventory:

Hand Weapons
 a - a +5 dagger
 e - a +3 dire flail
 t - the +7 halberd of Iwarig {flame, -Tele Str+4 Int+5 Dex+3}
   (You found it on level 4 of the Dungeon)

   It has been specially enchanted to burn those struck by it, causing extra
   injury to most foes and up to half again as much damage against particularly
   susceptible opponents.
   Big, fiery blades are also staple armaments of hydra-hunters.
   It affects your strength (+4).
   It affects your intelligence (+5).
   It affects your dexterity (+3).
   It prevents most forms of teleportation.
Missiles
 m - 4 throwing nets (quivered)
Armour
 d - a +0 helmet
 f - a +0 shield
 n - a +1 cloak
 q - a +0 helmet (worn)
 x - a +3 leather armour of fire resistance (worn)
 y - a +3 ring mail
 E - a +1 cloak of magic resistance (worn)
Jewellery
 h - a ring of fire (left claw)
 i - a +4 ring of intelligence (right claw)
 j - an uncursed ring of poison resistance
 A - an uncursed ring of fire
Wands
 k - a wand of polymorph (9)
 r - a wand of flame (13)
 w - a wand of random effects (31)
 z - a wand of disintegration (49)
Scrolls
 c - 3 scrolls of random uselessness
 l - 2 scrolls of teleportation
 s - 7 scrolls of identify
 u - 5 scrolls of remove curse
 v - a scroll of enchant weapon
Potions
 g - 3 potions of curing
 o - 3 potions of brilliance
 B - 3 potions of magic
Miscellaneous
 p - a lightning rod (1/4)
Comestibles
 b - 30 rations
 C - 4 chunks of flesh


   Skills:
 * Level 11.1 Fighting
 * Level 9.5 Dodging
 + Level 9.0 Stealth
 * Level 11.2 Unarmed Combat
 - Level 3.4 Invocations


You had 10 spell levels left.
You didn't know any spells.
Your spell library contained the following spells:

 Spells                   Type           Power        Failure   Level  Hunger
 Confusing Touch          Hex            #.....       45%         1    ##.....
 Shock                    Conj/Air       #...         45%         1    ##.....
 Swiftness                Chrm/Air       #.......     58%         2    ###....
 Confuse                  Hex            #.......     83%         3    ####...
 Gell's Gravitas          Tloc           #.........   83%         3    ####...
 Static Discharge         Conj/Air       #.......     83%         3    ####...
 Airstrike                Air            #.........   99%         4    #####..
 Petrify                  Tmut/Erth      #.......     99%         4    #####..
 Lightning Bolt           Conj/Air       #.........   100%        5    ######.
 Metabolic Englaciation   Hex/Ice        #.........   100%        5    ######.
 Yara's Violent Unravell  Hex/Tmut       #.........   100%        5    ######.


Dungeon Overview and Level Annotations

Branches:
Dungeon (9/15)             Temple (1/1) D:6            Lair (4/6) D:8
  Snake (0/4) Lair:3        Sewer (visited)
  Swamp: Lair:2-4    Shoals: Lair:2-4       Orc: D:9-12

Altars:
Ashenzari
Cheibriados
Dithmenos
Elyvilon
Fedhas
Gozag
Hepliaklqana
Makhleb
Nemelex Xobeh
Okawaru
Qazlal
Ru
Sif Muna
Trog
Uskayaw
Vehumet
Wu Jian
Xom
Yredelemnul
Zin
The Shining One

Shops:
D:6 [

Annotations:
Lair:4 Rupert


Innate Abilities, Weirdness & Mutations

Your body is rotting away.
You thrive on raw meat.
You are immune to poison.
You have sharp fingernails.
You are carnivorous and can eat meat at any time.
Your flesh is cold resistant. (rC+)
You are immune to negative energy. (rN+++)
You do not regenerate when monsters are visible.
You are immune to unholy pain and torment.
You can survive without breathing.


Message History

Rupert hits you with a +2 triple sword of flaming!
You claw Rupert!
Rupert is severely wounded.
Rupert looks as if he doubts whether you exists.
Rupert misses you.
You claw Rupert!
Rupert is severely wounded.
You claw Rupert!
Rupert is almost dead.
Rupert roars wildly at you.
You suddenly lose the ability to move!
Rupert hits you with a +2 triple sword of flaming!
Rupert roars madly and goes into a rage!
Rupert goes berserk!
Rupert hits you with a +2 triple sword of flaming!!
* * * LOW HITPOINT WARNING * * *
Rupert burns you.
* * * LOW HITPOINT WARNING * * *
Rupert hits you with a +2 triple sword of flaming!!!
You die...

..............
............ .....#
...................
.............##.... ..
............###... ...
.............#.... ##...
.....P...........##
.P...
........PP......@.#....P
..........# #..@.#..#
..........#####.#..#
##......##..# ##..#.#
###..#.###.####.## .#
#..### ##.##..# # #.##
##..### ### ###.# ##


You could see Rupert (berserk).

Vanquished Creatures
  3 black mambas
  Maurice (D:8)
  A gargoyle (D:5)
  6 spiny frogs
  2 komodo dragons
  2 rime drakes
  Grinder (D:5)
  7 hippogriffs
  3 blink frogs (Lair:1)
  Sigmund (D:2)
  A spriggan (D:7)
  4 yaks (Lair:3)
  2 wyverns (Lair:3)
  A basilisk (Lair:3)
  Grum (D:8)
  3 nagas (Lair:3)
  2 water moccasins (Lair:1)
  4 porcupines
  3 ice beasts
  An orc warrior (D:8)
  2 wolves
  4 ogres
  A centaur (D:8)
  5 crocodiles
  Blork the orc (D:4)
  8 bullfrogs
  4 scorpions
  11 killer bees
  4 wights (D:8)
  An electric eel (Lair:3)
  A centaur zombie (D:5)
  2 bullfrog skeletons
  2 hounds
  2 orc priests (D:2)
  2 orc wizards
  Natasha (thrice) (D:4)
  An iguana (D:4)
  Ijyb (D:5)
  3 worker ants
  A hound zombie (D:6)
  A hound skeleton (D:6)
  9 adders
  7 gnolls
  A river rat (D:3)
  3 shadow imps
  3 oozes
  An adder skeleton (D:8)
  2 worms
  2 dart slugs
  3 leopard geckos
  14 orcs
  4 ball pythons
  5 bats
  6 giant cockroaches
  8 goblins
  6 hobgoblins
  28 jackals
  15 kobolds
  A quokka (D:6)
  13 frilled lizards
  A giant cockroach zombie (D:6)
  A leopard gecko zombie (D:6)
  11 rats
  3 plants (Sewer)
256 creatures vanquished.

Vanquished Creatures (collateral kills)
  A spiny frog (Lair:4)
1 creature vanquished.

Vanquished Creatures (others)
  2 fungi
  A plant (Lair:1)
3 creatures vanquished.

Grand Total: 260 creatures vanquished

Notes
Turn   | Place    | Note
-------+----------+-------------------------------------------
     0 | D:1      | KlarStein the Ghoul Monk began the quest for the Orb.
     0 | D:1      | Reached XP level 1. HP: 19/19 MP: 0/0
    83 | D:1      | Reached XP level 2. HP: 13/26 MP: 1/1
   641 | D:1      | Reached XP level 3. HP: 33/33 MP: 2/2
  1197 | D:2      | Reached XP level 4. HP: 39/39 MP: 3/3
  1546 | D:2      | Reached XP level 5. HP: 14/46 MP: 4/4
  1679 | D:2      | Noticed Sigmund
  1868 | D:3      | Reached XP level 6. HP: 32/53 MP: 5/5
  1889 | D:3      | Found a glowing drain.
  1897 | Sewer    | Entered a sewer
  3177 | D:4      | Noticed Natasha
  3183 | D:4      | Noticed Blork the orc
  3198 | D:4      | Killed Blork the orc
  3198 | D:4      | Reached skill level 5 in Fighting
  3198 | D:4      | Reached skill level 5 in Unarmed Combat
  3198 | D:4      | Reached XP level 7. HP: 32/61 MP: 6/6
  3451 | D:2      | Killed Sigmund
  3674 | D:4      | Got an ancient halberd
  3872 | D:4      | Killed Natasha
  3872 | D:4      | Reached skill level 5 in Stealth
  3882 | D:4      | Reached XP level 8. HP: 70/70 MP: 7/7
  4022 | D:4      | Reached skill level 5 in Dodging
  4145 | D:4      | Noticed Natasha
  4153 | D:4      | Killed Natasha
  4422 | D:4      | Noticed Natasha
  4440 | D:4      | Killed Natasha
  4487 | D:5      | Entered Level 5 of the Dungeon
  4510 | D:5      | Noticed Grinder
  4562 | D:5      | Killed Grinder
  4581 | D:5      | Noticed Ijyb
  4612 | D:5      | Killed Ijyb
  4882 | D:5      | Noticed a gargoyle
  5352 | D:5      | Reached XP level 9. HP: 79/79 MP: 8/8
  5485 | D:5      | Killed a gargoyle
  5936 | D:6      | Found a staircase to the Ecumenical Temple.
  5953 | Temple   | Entered the Ecumenical Temple
  6012 | Temple   | Became a worshipper of Dithmenos the Shadowed
  6012 | Temple   | Reached * piety under Dithmenos
  6012 | Temple   | Reached ** piety under Dithmenos
  6129 | D:6      | Found Eproezoe's Armour Boutique.
  6973 | D:7      | Reached skill level 1 in Invocations
  7169 | D:8      | Noticed Maurice
  7178 | D:8      | Identified the +7 halberd of Iwarig {flame, -Tele Str+4
                  | Int+5 Dex+3} (You found it on level 4 of the Dungeon)
  7316 | D:8      | Noticed Grum
  7462 | D:8      | Killed Maurice
  7467 | D:8      | Reached XP level 10. HP: 27/90 MP: 10/10
  7923 | D:8      | Found a staircase to the Lair.
  8160 | D:8      | Reached *** piety under Dithmenos
  8468 | D:8      | Killed Grum
  8587 | Lair:1   | Entered Level 1 of the Lair of Beasts
  8607 | Lair:1   | Noticed a spiny frog
  8933 | Lair:1   | Noticed a black mamba
  8946 | Lair:1   | Killed a black mamba
  9087 | Lair:1   | Noticed a spiny frog
  9106 | Lair:1   | Killed a spiny frog
  9266 | Lair:1   | Killed a spiny frog
  9432 | Lair:1   | Reached XP level 11. HP: 95/99 MP: 12/12
  9467 | Lair:1   | Reached skill level 10 in Unarmed Combat
  9582 | Lair:1   | Reached skill level 10 in Fighting
 10829 | Lair:3   | Noticed a death yak
 11094 | Lair:3   | Noticed a death yak
 11269 | Lair:3   | Found a staircase to the Snake Pit.
 11468 | Lair:3   | Noticed a death yak
 11468 | Lair:3   | Noticed a death yak
 11468 | Lair:3   | Noticed a death yak
 11934 | Lair:4   | Noticed Rupert
 11956 | Lair:4   | Paralysed by Rupert for 5 turns
 11960 | Lair:4   | HP: 5/102 [Rupert/+2 triple sword of flaming (29)]
 11961 | Lair:4   | Annihilated by Rupert

Levels and vault maps discovered:
D:1:      lemuel_arrival_cross, layout_basic, feat_on_display
D:2:      layout_rooms, uniq_sigmund
D:3:      layout_rooms, lightli_sewer_entry_pipes
D:4:      layout_cave_pools, first_ration, nrook_mini_backslash,
          minmay_misc_feat_plants, uniq_natasha, uniq_blork_the_orc
D:5:      layout_basic, uniq_grinder, uniq_ijyb
D:6:      cheibrodos_iron_armory, layout_cave_pools,
          minmay_temple_entry_sparse_star, serial_shops, kennysheep_mini,
          grunt_ministairs_7
D:7:      layout_rooms, the_bakery, kennysheep_generic_room_14
D:8:      layout_loops_ring, dpeg_oklobed_lair, wad_dig_loot, uniq_maurice,
          uniq_grum
D:9:      layout_basic, lemuel_crystal_altar, serial_shops,
          nicolae_shop_statue_plus
Temple:   compressed_dpeg_circular_temple
Lair:1:   layout_regular_city
Lair:2:   layout_chaotic_city, grunt_megastairs_1, serial_bayou_shore_b
Lair:3:   layout_gridlike, guppyfry_snake_entry_island, grunt_megastairs_3
Lair:4:   layout_layer_cave, minmay_swamp_entry_worms, serial_bayou_shore_b,
          uniq_nergalle, uniq_rupert

Skill      XL: |  1  2  3  4  5  6  7  8  9 10 11 |
---------------+----------------------------------+-----
Dodging        | 3 4 5 7 8 9 |  9.5
Stealth        | 3 4 5 6 7 9 |  9.0
Unarmed Combat | 4 5 6 7 8 9 11 | 11.2
Fighting       | 4 5 6 7 8 9 11 | 11.1
Invocations    | 2 3 |  3.4

Action                   |  1- 3 |  4- 6 |  7- 9 | 10-12 || total
-------------------------+-------+-------+-------+-------++-------
Melee: Unarmed           |   110 |   389 |   374 |   422 ||  1295
       Punch             |     2 |     5 |    11 |    19 ||    37
Evoke: Wand              |       |       |     1 |     8 ||     9
       Lightning rod     |       |       |       |     3 ||     3
  Use: Scroll            |       |     9 |     6 |    17 ||    32
       Potion            |       |     2 |     5 |     6 ||    13
 Stab: Sleeping          |     3 |     6 |     9 |    19 ||    37
       Distracted        |       |       |     3 |       ||     3
  Eat: Chunk             |    10 |    38 |    34 |    62 ||   144
Armor: Robe              |    18 |    56 |    22 |       ||    96
       Leather armour    |       |       |    44 |    59 ||   103
Dodge: Dodged            |    69 |   190 |   218 |   321 ||   798
